[Event "Titled Tuesday Blitz July 11 Early 2023"]
[White "Oleksiyenko, Mykhaylo"]
[Black "FromTexas54"]
[WhiteFideId "4152417"]
[WhiteElo "2666"]
[BlackElo "2515"]
[Result "1/2-1/2"]
[Round "5"]
[TimeControl "180+2"]
[Date "2023.07.11"]
[WhiteClock "0:00:07"]
[BlackClock "0:00:14"]
[Board "68"]

1. e4 e5 2. Nf3 Nc6 3. Bb5 a6 4. Bxc6 dxc6 5. O-O Ne7 6. Nxe5 Qd4 7. Nf3 Qxe4 8. Re1 Qg6 9. d3 Bg4 10. Ne5 Bxd1 11. Nxg6 hxg6 12. Rxd1 O-O-O 13. Nc3 Nd5 14. Ne4 Nb4 15. Rd2 f6 16. a3 Nd5 17. Re2 Bd6 18. Nxd6+ cxd6 19. Bd2 Rde8 20. Rae1 Kd7 21. Re4 Nc7 22. f3 d5 23. Rg4 Rxe1+ 24. Bxe1 g5 25. h4 Ne6 26. hxg5 Nxg5 27. Bd2 Ne6 28. c4 dxc4 29. dxc4 g5 30. Bc3 Rf8 31. Re4 Nc5 32. Re3 f5 33. Bb4 b6 34. Kf2 a5 35. Bxc5 bxc5 36. Rb3 Kc7 37. Rd3 Rb8 38. Rd2 Rb3 39. Kg3 a4 40. Re2 Kd6 41. Rd2+ Ke5 42. Kf2 g4 43. fxg4 fxg4 44. g3 Ke4 45. Re2+ Kd4 46. Rc2 Rf3+ 47. Kg2 Rb3 48. Kf2 Kd3 49. Re2 Kxc4 50. Re4+ Kb5 51. Rxg4 Rxb2+ 52. Ke1 Rg2 53. Kd1 c4 54. Kc1 c3 55. Kb1 Rb2+ 56. Kc1 Ra2 57. Re4 Rxa3 58. Kc2 Ra2+ 59. Kxc3 Ra3+ 60. Kb2 Rb3+ 61. Ka2 Rxg3 62. Re5+ c5 63. Rh5 Rg2+ 64. Ka3 Rg3+ 65. Ka2 Kb4 66. Rh8 Rg2+ 67. Kb1 c4 68. Rh3 Rg1+ 69. Kb2 Rg2+ 70. Kb1 c3 71. Rh8 Rb2+ 72. Ka1 Rf2 73. Kb1 Kb3 74. Rb8+ Ka3 75. Rc8 Kb3 76. Rb8+ Kc4 77. Rc8+ Kb4 78. Rb8+ Ka3 79. Rc8 Rb2+ 80. Ka1 Rb3 81. Rc4 c2 82. Rxc2 Rh3 83. Kb1 Kb3 84. Rc1 a3 85. Ka1 Rh2 86. Rb1+ Rb2 87. Rh1 Ra2+ 88. Kb1 Rb2+ 89. Ka1 Rc2 90. Rh3+ Ka4 91. Rh4+ Kb3 92. Rh3+ Rc3 93. Rxc3+ Kxc3 94. Ka2 Kb4 95. Ka1 Ka4 96. Ka2 Kb4 97. Ka1 Kb3 98. Kb1 a2+ 99. Ka1 Ka3 1/2-1/2


[Site "https://www.chess.com"]

[Event "Titled Tuesday Blitz July 11 Early 2023"]
[White "brm72"]
[Black "Liyanage, Ranindu Dilshan"]
[BlackFideId "9915834"]
[WhiteElo "2515"]
[BlackElo "2658"]
[Result "1-0"]
[Round "5"]
[TimeControl "180+2"]
[Date "2023.07.11"]
[WhiteClock "0:00:04"]
[BlackClock "0:00:00"]
[Board "69"]

1. e4 g6 2. d4 Bg7 3. Nc3 d6 4. Be3 a6 5. Qd2 b5 6. Bd3 Bb7 7. h4 h6 8. h5 g5 9. f3 Nd7 10. Nge2 c5 11. dxc5 dxc5 12. Ng3 Be5 13. Bf2 Qc7 14. Nf1 e6 15. O-O-O O-O-O 16. Kb1 Ngf6 17. Ne3 Nb6 18. Qe1 b4 19. Ne2 c4 20. Qxb4 cxd3 21. cxd3 Qd6 22. Qb3 Bf4 23. Nf5 exf5 24. Bxb6 Rd7 25. Nxf4 gxf4 26. Rc1+ Kb8 27. d4 fxe4 28. Bc5 Qd5 29. Qb6 Ne8 30. fxe4 Qxe4+ 31. Ka1 Qxg2 32. Rhe1 Nc7 33. Qa7+ Kc8 34. Qb6 Qd5 35. Re5 Qf3 36. a3 Kb8 37. Bd6 Rc8 38. Rec5 Rxd6 39. Qxd6 Qe4 40. Rxc7 Rxc7 41. Qxc7+ Ka7 42. Qc5+ Ka8 43. Qf8+ Ka7 44. Qxf7 f3 45. Qc7 f2 46. Qc5+ Ka8 47. Qf8+ Ka7 48. Qxf2 Qd5 49. Qd2 Qb3 50. Qb4 Qf3 51. Qc5+ Ka8 52. Qc7 Bd5 53. Qb6 Bb7 54. Re1 Qf7 55. d5 Bxd5 56. Qxa6+ Kb8 57. Qb6+ Bb7 58. Rc1 Ka8 59. a4 Qf4 60. Qb5 Kb8 61. Rc3 Qd2 62. Ka2 Qd1 63. a5 Qd4 64. a6 Qd5+ 65. Qxd5 Bxd5+ 66. Ka3 Ka7 67. Kb4 Kxa6 68. Rc5 1-0


[Site "https://www.chess.com"]

[Event "Titled Tuesday Blitz July 11 Early 2023"]
[White "Santos Flores, Alberto"]
[Black "Bobkov, Vadim"]
[WhiteFideId "3601234"]
[BlackFideId "34110876"]
[WhiteElo "2503"]
[BlackElo "2650"]
[Result "1-0"]
[Round "5"]
[TimeControl "180+2"]
[Date "2023.07.11"]
[WhiteClock "0:00:19"]
[BlackClock "0:00:00"]
[Board "70"]

1. e4 c5 2. Nf3 g6 3. d4 cxd4 4. Nxd4 Nc6 5. Nc3 Bg7 6. Be3 Nf6 7. Bc4 O-O 8. Bb3 Re8 9. f3 e6 10. f4 d6 11. Ndb5 d5 12. e5 Nd7 13. Nd6 Rf8 14. Ne2 f6 15. exf6 Nxf6 16. Nxc8 Qxc8 17. O-O Ng4 18. Bc5 Bxb2 19. Rb1 Bf6 20. h3 Nh6 21. Bxf8 Qxf8 22. g4 Bg7 23. c3 Qc5+ 24. Kg2 Rf8 25. Rc1 Kh8 26. Nd4 Nxd4 27. cxd4 Qxd4 28. Qxd4 Bxd4 29. Rc7 Bb6 30. Rxb7 Rc8 31. Re1 1-0


[Site "https://www.chess.com"]

[Event "Titled Tuesday Blitz July 11 Early 2023"]
[White "Belov, Alexei"]
[Black "Niekras, Dawid"]
[WhiteFideId "4128206"]
[BlackFideId "1160451"]
[WhiteElo "2490"]
[BlackElo "2618"]
[Result "1-0"]
[Round "5"]
[TimeControl "180+2"]
[Date "2023.07.11"]
[WhiteClock "0:00:42"]
[BlackClock "0:00:00"]
[Board "71"]

1. e4 c5 2. Nf3 g6 3. d4 cxd4 4. Nxd4 Nc6 5. Be3 Nf6 6. Nc3 Bg7 7. Nxc6 bxc6 8. e5 Ng8 9. f4 f6 10. exf6 Nxf6 11. Be2 O-O 12. O-O d5 13. Bd4 Qa5 14. Be5 e6 15. Kh1 c5 16. Nb5 Qb6 17. c4 Ba6 18. Nc7 Rad8 19. Nxa6 Qxa6 20. cxd5 Qb6 21. d6 Nd5 22. Qd2 Rxd6 23. Bxd6 Qxd6 24. Bc4 Bd4 25. Rae1 Kg7 26. g3 Rf6 27. Re4 Nb6 28. b3 Nxc4 29. bxc4 Qc6 30. Qg2 Qa6 31. Qe2 Qc6 32. Re1 Kf7 33. Kg2 g5 34. Qf3 Qa4 35. Qh5+ Kg7 36. Rxe6 Rxe6 37. Rxe6 Qxc4 38. Qxg5+ Kf8 39. Qd8+ Kg7 40. Qd7+ 1-0


[Site "https://www.chess.com"]

[Event "Titled Tuesday Blitz July 11 Early 2023"]
[White "Mihailidis, Anastasios"]
[Black "Skliarov, Viktor"]
[WhiteFideId "4205588"]
[BlackFideId "14106736"]
[WhiteElo "2471"]
[BlackElo "2616"]
[Result "0-1"]
[Round "5"]
[TimeControl "180+2"]
[Date "2023.07.11"]
[WhiteClock "0:02:44"]
[BlackClock "0:02:12"]
[Board "72"]

1. e4 c5 2. Nf3 Nc6 3. c4 g6 4. d4 cxd4 5. Nxd4 Bg7 6. Be3 Nf6 7. Nc3 Ng4 8. Qxg4 Nxd4 9. Qd1 Ne6 10. Be2 Bxc3+ 11. bxc3 d6 12. O-O O-O 13. Bd4 Qa5 14. f4 Bd7 15. f5 Nxd4 16. cxd4 b5 17. Qd2 Qxd2 0-1


[Site "https://www.chess.com"]

[Event "Titled Tuesday Blitz July 11 Early 2023"]
[White "Avazkhonov, Alikhon"]
[Black "Souleidis, Georgios"]
[WhiteFideId "14208504"]
[BlackFideId "4206827"]
[WhiteElo "2447"]
[BlackElo "2609"]
[Result "0-1"]
[Round "5"]
[TimeControl "180+2"]
[Date "2023.07.11"]
[WhiteClock "0:00:00"]
[BlackClock "0:00:09"]
[Board "73"]

1. d4 Nf6 2. c4 g6 3. Nc3 Bg7 4. e4 d6 5. f3 O-O 6. Be3 a6 7. Qd2 c6 8. a4 a5 9. Bd3 Na6 10. Rd1 Nb4 11. Bb1 Qc7 12. Nge2 e5 13. O-O Be6 14. d5 cxd5 15. cxd5 Bd7 16. Rc1 Qb8 17. Nb5 Bxb5 18. axb5 Nd7 19. Nc3 Bf6 20. Na4 Rc8 21. Bb6 Rxc1 22. Rxc1 Bd8 23. Qf2 Kg7 24. f4 exf4 25. Bd4+ Bf6 26. Bxf6+ Kxf6 27. Qxf4+ Kg7 28. b6 Na6 29. Bd3 Nac5 30. Nxc5 dxc5 31. Qe3 Qd6 32. Bb5 Nxb6 33. Qxc5 Qxc5+ 34. Rxc5 Kf6 35. d6 Rd8 36. e5+ Ke6 37. Rc7 Kxe5 38. Rxb7 Rxd6 39. Rxf7 h6 40. Rb7 Nd5 41. Bc4 Ne3 42. Rb5+ Kd4 43. Be2 Rc6 44. Rxa5 Rc2 45. Kf2 Nd1+ 46. Ke1 Nxb2 47. Rb5 Nd3+ 48. Kd1 Ra2 49. Rb3 Nf2+ 50. Ke1 Ne4 51. Kd1 Ke5 52. Re3 Kd4 53. Rf3 Nc3+ 54. Rxc3 Kxc3 55. Bf3 h5 56. Ke1 Kd4 57. h3 h4 58. Kf1 Ke3 59. Kg1 g5 60. Kh2 Kf2 61. Bd5 Ra3 62. Bf3 Rxf3 63. gxf3 Kxf3 64. Kh1 Kg3 65. Kg1 Kxh3 0-1


[Site "https://www.chess.com"]

[Event "Titled Tuesday Blitz July 11 Early 2023"]
[White "Melikhov, Evgeny V."]
[Black "Shukhman, Anna"]
[WhiteFideId "4122046"]
[BlackFideId "54180058"]
[WhiteElo "2431"]
[BlackElo "2601"]
[Result "0-1"]
[Round "5"]
[TimeControl "180+2"]
[Date "2023.07.11"]
[WhiteClock "0:00:14"]
[BlackClock "0:01:13"]
[Board "74"]

1. d4 Nf6 2. c4 g6 3. Nc3 d5 4. Nf3 Bg7 5. e3 O-O 6. Be2 c6 7. O-O dxc4 8. Bxc4 b5 9. Bd3 b4 10. Ne4 Nxe4 11. Bxe4 Bb7 12. Nd2 Nd7 13. Nb3 Qb6 14. Bd2 Rac8 15. Rc1 Ba6 16. Re1 c5 17. dxc5 Nxc5 18. Nxc5 Rxc5 19. Rxc5 Qxc5 20. b3 Rc8 21. Qf3 Bc3 22. Rd1 Qe5 23. Be1 Be2 24. Qxe2 Qxe4 25. f3 Qe6 26. Bf2 a5 27. Qd3 a4 28. Qd5 Qxd5 29. Rxd5 Ra8 30. bxa4 Rxa4 31. e4 Rxa2 32. Bc5 b3 33. Rd8+ Kg7 34. Rb8 b2 0-1


[Site "https://www.chess.com"]

[Event "Titled Tuesday Blitz July 11 Early 2023"]
[White "Borrmann, Laurenz"]
[Black "whiteglovethief"]
[WhiteFideId "312187930"]
[WhiteElo "2586"]
[BlackElo "2431"]
[Result "1-0"]
[Round "5"]
[TimeControl "180+2"]
[Date "2023.07.11"]
[WhiteClock "0:01:10"]
[BlackClock "0:01:50"]
[Board "75"]

1. e4 e6 2. d4 d5 3. Nc3 Bb4 4. e5 c5 5. a3 Bxc3+ 6. bxc3 Ne7 7. h4 Nbc6 8. h5 Qa5 9. Bd2 Bd7 10. h6 gxh6 11. Nf3 O-O-O 12. a4 Ng8 13. Bb5 f6 14. c4 Qc7 15. cxd5 exd5 16. Bf4 fxe5 17. Nxe5 Re8 18. O-O Nxe5 19. Bxe5 Rxe5 20. dxe5 Qxe5 21. Bxd7+ Kxd7 22. Re1 Qf5 23. Rb1 b6 24. Qe2 Qf7 25. a5 Nf6 26. axb6 axb6 27. Qb5+ Kc8 28. Qc6+ Kd8 29. Qxb6+ 1-0


[Site "https://www.chess.com"]

[Event "Titled Tuesday Blitz July 11 Early 2023"]
[White "Kim, Sergey"]
[Black "Tanmay Jain"]
[WhiteFideId "13700570"]
[BlackFideId "45015481"]
[WhiteElo "2586"]
[BlackElo "2426"]
[Result "0-1"]
[Round "5"]
[TimeControl "180+2"]
[Date "2023.07.11"]
[WhiteClock "0:00:10"]
[BlackClock "0:00:09"]
[Board "76"]

1. d4 Nf6 2. c4 e6 3. Nc3 d5 4. Nf3 Be7 5. Bf4 O-O 6. e3 b6 7. cxd5 exd5 8. Ne5 Bb7 9. Bd3 c5 10. O-O Nc6 11. Bf5 Bd6 12. Bg3 Qe7 13. Nxc6 Bxc6 14. Qf3 Bxg3 15. hxg3 g6 16. Bh3 cxd4 17. exd4 Ne4 18. Rfe1 Qd6 19. Rac1 Rae8 20. a3 f5 21. g4 fxg4 22. Nxe4 Rxe4 23. Qc3 Rxe1+ 24. Rxe1 gxh3 25. Qxh3 Bd7 26. Qh4 Qf6 27. Qg3 Bf5 28. Re5 Rd8 29. Qf4 Kg7 30. Qe3 Rd7 31. f3 Bc2 32. Re6 Qf5 33. Rc6 Rf7 34. g4 Qxf3 35. Qe5+ Kh6 36. Qh2+ Kg5 37. Qd2+ Kh4 38. Qe1+ Kg5 39. Qd2+ Kxg4 40. Rxc2 Qg3+ 41. Qg2 Qxg2+ 42. Kxg2 Kf5 43. Kf3 Ke6+ 44. Ke3 Kd6 45. Rg2 Rf5 46. Rh2 h5 47. Rc2 g5 48. Rc8 g4 49. Rg8 Rf3+ 50. Ke2 Ke6 51. Rg5 Rh3 52. Re5+ Kd6 53. Rg5 g3 54. Rg6+ Ke7 55. Kf3 h4 56. Rg7+ Kf6 57. Rxa7 Rh2 58. Ra8 Rf2+ 59. Ke3 h3 60. Rg8 h2 61. Rxg3 h1=Q 62. Kxf2 Qb1 63. Rf3+ Ke6 64. Re3+ Kd6 65. Re2 Qd3 66. Re3 Qxd4 67. Kf3 Qd1+ 68. Re2 d4 69. Kf2 d3 70. Re3 Qd2+ 71. Kf3 Qc2 72. Re8 d2 73. Rd8+ Kc7 74. Ke3 d1=Q 0-1


[Site "https://www.chess.com"]

[Event "Titled Tuesday Blitz July 11 Early 2023"]
[White "NovoselovRoman"]
[Black "MAHanif"]
[WhiteElo "2573"]
[BlackElo "2393"]
[Result "1-0"]
[Round "5"]
[TimeControl "180+2"]
[Date "2023.07.11"]
[WhiteClock "0:00:26"]
[BlackClock "0:00:25"]
[Board "77"]

1. e4 Nf6 2. e5 Nd5 3. d4 d6 4. exd6 cxd6 5. Bc4 Nb6 6. Bd3 g6 7. Ne2 Bg7 8. Nbc3 O-O 9. h4 Nc6 10. Be3 h5 11. Qd2 Nb4 12. Bh6 Nxd3+ 13. cxd3 Bf5 14. Bxg7 Kxg7 15. f3 Rc8 16. O-O-O Nd5 17. Kb1 Nb4 18. Ne4 Nxd3 19. Qxd3 d5 20. N2g3 dxe4 21. Nxf5+ gxf5 22. fxe4 fxe4 23. Qxe4 Qd6 24. Qf3 Qg6+ 25. Ka1 Rc2 26. Rhg1 b5 27. g4 Kh6 28. gxh5 Qc6 29. Qg3 Qf6 30. Qe3+ Kh7 31. Qd3+ 1-0


[Site "https://www.chess.com"]

[Event "Titled Tuesday Blitz July 11 Early 2023"]
[White "Arencibia Monduy, Antonio"]
[Black "Rosh Jain"]
[WhiteFideId "3507939"]
[BlackFideId "25789465"]
[WhiteElo "2571"]
[BlackElo "2392"]
[Result "0-1"]
[Round "5"]
[TimeControl "180+2"]
[Date "2023.07.11"]
[WhiteClock "0:00:00"]
[BlackClock "0:01:39"]
[Board "78"]

1. e4 c5 2. Nf3 d6 3. c3 Nf6 4. Bd3 Nc6 5. h3 g6 6. Bc2 e5 7. O-O Bg7 8. d4 exd4 9. cxd4 cxd4 10. Nxd4 O-O 11. Nb5 d5 12. exd5 Nxd5 13. N1c3 Be6 14. Nxd5 Bxd5 15. Nc3 Bc4 16. Re1 Qc7 17. Qg4 Ne5 18. Qg3 Qc5 19. Ne4 Qb6 20. Bf4 Qxb2 21. Bb3 Bxb3 22. axb3 Nc6 23. Rab1 Qd4 24. Rbd1 Qb6 25. Bc7 Qa6 26. Nc5 Qb5 27. Nd7 Rfe8 28. Rxe8+ Rxe8 29. Qf3 Qe2 30. Qxe2 Rxe2 31. Nc5 b6 32. Nd3 Nd4 33. Bg3 Nxb3 34. Nf4 Rd2 35. Re1 Bf6 36. Rb1 Rb2 37. Rd1 Rd2 38. Rb1 Nd4 39. Nd5 Ne2+ 40. Kh2 Rxd5 41. Bh4 Bxh4 0-1


[Site "https://www.chess.com"]

[Event "Titled Tuesday Blitz July 11 Early 2023"]
[White "Ibarra Jerez, Jose Carlos"]
[Black "Postlmayer, Jakob"]
[WhiteFideId "2226332"]
[BlackFideId "1643622"]
[WhiteElo "2903"]
[BlackElo "2494"]
[Result "1-0"]
[Round "5"]
[TimeControl "180+2"]
[Date "2023.07.11"]
[WhiteClock "0:01:55"]
[BlackClock "0:00:56"]
[Board "79"]

1. e4 e5 2. Nf3 Nf6 3. Nc3 Nc6 4. h3 Bb4 5. Nd5 Nxd5 6. exd5 e4 7. dxc6 exf3 8. Qxf3 dxc6 9. Bc4 O-O 10. O-O Bd6 11. Re1 Bd7 12. d4 Qh4 13. Re4 Qd8 14. Bd2 c5 15. dxc5 Bxc5 16. Bc3 b5 17. Qg3 g6 18. Qe5 1-0


[Site "https://www.chess.com"]

[Event "Titled Tuesday Blitz July 11 Early 2023"]
[White "Kantor, Gergely"]
[Black "marik_spb"]
[WhiteFideId "751499"]
[WhiteElo "2784"]
[BlackElo "2493"]
[Result "1-0"]
[Round "5"]
[TimeControl "180+2"]
[Date "2023.07.11"]
[WhiteClock "0:00:09"]
[BlackClock "0:00:00"]
[Board "80"]

1. e4 c6 2. Nf3 d5 3. d3 dxe4 4. dxe4 Qxd1+ 5. Kxd1 Nf6 6. Nfd2 e5 7. f3 Be6 8. Bc4 Bxc4 9. Nxc4 Nfd7 10. a4 f6 11. a5 Na6 12. Nbd2 O-O-O 13. Ke2 h5 14. c3 Ndc5 15. b4 Nd3 16. Nb3 Nxc1+ 17. Raxc1 Be7 18. h4 Nc7 19. Ne3 g6 20. Nd2 Rd7 21. Ndc4 Rhd8 22. Rhd1 Rxd1 23. Rxd1 Rxd1 24. Kxd1 Nb5 25. Kc2 Nc7 26. g4 Ne6 27. gxh5 gxh5 28. Nf5 Kd7 29. Nb2 Bf8 30. Nd3 Ng7 31. Nxg7 Bxg7 32. Nc5+ Kc8 33. Ne6 Bh6 34. Kd3 b6 35. axb6 axb6 36. f4 exf4 37. Nd4 Kd7 38. Nf5 Bf8 39. Ke2 Ke6 40. Kf3 Ke5 41. Nd4 c5 42. Nc6+ Kd6 43. b5 Bh6 44. Nd8 Ke7 45. Nc6+ Ke6 46. c4 f5 47. e5 Kd7 48. Na7 Ke7 49. Nc8+ Ke6 50. Nxb6 Kxe5 51. Nd7+ Kd6 52. Nf6 Bg7 53. Nxh5 Be5 54. Nxf4 Bc3 55. Nd5 Bd2 56. b6 Kc6 57. h5 Bh6 58. Ne7+ Kxb6 59. Nxf5 Bg5 60. Ke4 Kc6 61. h6 Bf6 62. h7 Bh8 63. Nh6 Kd7 64. Nf7 Bf6 65. Kd5 Be7 66. h8=Q 1-0


[Site "https://www.chess.com"]

[Event "Titled Tuesday Blitz July 11 Early 2023"]
[White "Atakhan, Abtin"]
[Black "Camacho Collados, Marcos"]
[WhiteFideId "22502203"]
[BlackFideId "2266237"]
[WhiteElo "2738"]
[BlackElo "2492"]
[Result "1-0"]
[Round "5"]
[TimeControl "180+2"]
[Date "2023.07.11"]
[WhiteClock "0:01:23"]
[BlackClock "0:00:13"]
[Board "81"]

1. Nf3 g6 2. g3 Bg7 3. d4 Nf6 4. Bg2 O-O 5. c4 d6 6. Nc3 c6 7. O-O Qb6 8. b3 e5 9. Ba3 Rd8 10. e3 Qa5 11. Qc1 e4 12. Nd2 d5 13. cxd5 cxd5 14. Be7 Re8 15. b4 Qa6 16. Bxf6 Bxf6 17. Nxd5 Bd8 18. Nxe4 Nd7 19. b5 Qa5 20. Nd6 Rf8 21. Nxc8 h5 22. Nd6 h4 23. Nxb7 Qxb5 24. Nxd8 Raxd8 25. Rb1 Qa6 26. Rb7 h3 27. Nc7 Qxa2 28. Bxh3 Nf6 29. Qc6 Nh7 30. Ne6 Rc8 31. Qd6 Ng5 32. Nxg5 1-0


[Site "https://www.chess.com"]

[Event "Titled Tuesday Blitz July 11 Early 2023"]
[White "lagarto93"]
[Black "Papasimakopoulos, Alexandros"]
[BlackFideId "4244125"]
[WhiteElo "2490"]
[BlackElo "2722"]
[Result "0-1"]
[Round "5"]
[TimeControl "180+2"]
[Date "2023.07.11"]
[WhiteClock "0:02:00"]
[BlackClock "0:01:13"]
[Board "82"]

1. d4 Nf6 2. c4 e6 3. Nc3 Bb4 4. f3 O-O 5. a3 Bxc3+ 6. bxc3 Nh5 7. Nh3 f5 8. Nf2 d6 9. g4 fxg4 10. fxg4 Qh4 11. Be3 Nf6 12. h3 Ne4 13. Rh2 Qg3 14. Qd3 Qxh2 15. Qxe4 Nc6 16. g5 e5 17. g6 hxg6 18. Qxg6 Bf5 19. Qg5 exd4 20. cxd4 Rae8 21. Bg2 Rxe3 22. Bd5+ Re6 23. Ng4 Qg1+ 24. Kd2 Qxd4+ 25. Ke1 Qxa1+ 0-1


[Site "https://www.chess.com"]

[Event "Titled Tuesday Blitz July 11 Early 2023"]
[White "Namitbir Singh Walia"]
[Black "Jarovinsky, Alexey"]
[WhiteFideId "35071068"]
[BlackFideId "14115131"]
[WhiteElo "2488"]
[BlackElo "2715"]
[Result "0-1"]
[Round "5"]
[TimeControl "180+2"]
[Date "2023.07.11"]
[WhiteClock "0:00:05"]
[BlackClock "0:00:49"]
[Board "83"]

1. e4 Nc6 2. d4 d5 3. e5 Bf5 4. c3 e6 5. Bd3 Nge7 6. Ne2 f6 7. f4 h5 8. Be3 Qd7 9. Na3 Bxd3 10. Qxd3 Nf5 11. Bf2 Bxa3 12. bxa3 Na5 13. Ng3 Nxg3 14. hxg3 f5 15. g4 fxg4 16. Bh4 Nc4 17. Bg5 Kf7 18. Rb1 b6 19. O-O g6 20. Bh4 Rhf8 21. Rb3 Kg7 22. Qe2 Rf5 23. Bf6+ Kf7 24. Re1 a5 25. g3 Qa4 26. Reb1 Nxa3 0-1


[Site "https://www.chess.com"]

[Event "Titled Tuesday Blitz July 11 Early 2023"]
[White "Shishkov, Andrei"]
[Black "Tregubov, Pavel V."]
[WhiteFideId "4500563"]
[BlackFideId "4115341"]
[WhiteElo "2487"]
[BlackElo "2673"]
[Result "1/2-1/2"]
[Round "5"]
[TimeControl "180+2"]
[Date "2023.07.11"]
[WhiteClock "0:00:12"]
[BlackClock "0:00:20"]
[Board "84"]

1. d4 Nf6 2. c4 e6 3. Nc3 Bb4 4. Qc2 Nc6 5. Nf3 d6 6. Bd2 O-O 7. e3 e5 8. a3 Bxc3 9. Bxc3 Qe7 10. dxe5 dxe5 11. h3 e4 12. Nd2 Bf5 13. Be2 Ne5 14. Bxe5 Qxe5 15. O-O-O Rfd8 16. g4 Be6 17. Nb3 c5 18. Rxd8+ Rxd8 19. Rd1 Rxd1+ 20. Qxd1 h6 21. Qd8+ Kh7 22. Qa8 b6 23. Qxa7 Qh2 24. Qxb6 Qxf2 25. Kd1 Qxe3 26. Nxc5 Qd4+ 27. Kc2 Bxc4 28. Bxc4 Qxc4+ 29. Kb1 e3 30. Qb4 Qxb4 31. axb4 Nd5 32. b5 g6 33. Kc2 f5 34. gxf5 gxf5 35. Kd3 f4 36. Ne6 Kg6 37. b6 Nxb6 38. Nxf4+ Kf5 39. Kxe3 Nc4+ 40. Kf3 Nxb2 41. Ne2 Nc4 42. Nd4+ Kg5 43. Kg3 Nd6 44. Nf3+ Kg6 45. Kf4 Kf6 46. Nd4 Nf7 47. Nf3 Ng5 48. Nxg5 hxg5+ 49. Kg4 Kg6 50. h4 gxh4 51. Kxh4 1/2-1/2


[Site "https://www.chess.com"]

[Event "Titled Tuesday Blitz July 11 Early 2023"]
[White "Fiorito, Joaquin"]
[Black "Bettalli, Francesco"]
[WhiteFideId "180173"]
[BlackFideId "2816453"]
[WhiteElo "2625"]
[BlackElo "2485"]
[Result "0-1"]
[Round "5"]
[TimeControl "180+2"]
[Date "2023.07.11"]
[WhiteClock "0:00:15"]
[BlackClock "0:01:49"]
[Board "85"]

1. d4 g6 2. c4 Bg7 3. Nc3 c5 4. d5 Bxc3+ 5. bxc3 f5 6. h4 Nf6 7. e3 d6 8. Be2 Nbd7 9. h5 Kf7 10. Nf3 Ne5 11. Ng5+ Kg7 12. h6+ Kg8 13. Qc2 e6 14. O-O exd5 15. cxd5 Nfg4 16. f4 Nxh6 17. fxe5 Qxg5 18. e4 Qh4 19. Bxh6 Qxh6 20. e6 Qe3+ 21. Rf2 Qxe4 22. Qxe4 fxe4 23. Raf1 Kg7 24. Rf7+ Kh6 25. R1f4 b6 26. Kf2 Rb8 27. Ke3 Bb7 28. c4 b5 29. Rd7 bxc4 30. Bxc4 Rhe8 31. Rh4+ Kg5 32. Rhxh7 Ba8 33. Rxd6 Rb4 34. Be2 Rd4 35. Rhd7 Kf6 36. Bg4 Ke5 37. Rd8 Rxd8 38. Rxd8 Bxd5 39. Rxd5+ Kxd5 40. e7 Rd3+ 41. Ke2 Ra3 42. e8=Q Rxa2+ 43. Kf1 Kd4 44. Be2 Ke3 45. Qb5 Ra1+ 46. Bd1 Rxd1# 0-1


[Site "https://www.chess.com"]

[Event "Titled Tuesday Blitz July 11 Early 2023"]
[White "Iskusnyh, Sergei"]
[Black "Baches Garcia, Guillermo"]
[WhiteFideId "4120027"]
[BlackFideId "2209764"]
[WhiteElo "2613"]
[BlackElo "2482"]
[Result "1-0"]
[Round "5"]
[TimeControl "180+2"]
[Date "2023.07.11"]
[WhiteClock "0:00:02"]
[BlackClock "0:00:13"]
[Board "86"]

1. d4 d5 2. c4 e6 3. Nf3 h6 4. g3 Nf6 5. Bg2 Bd6 6. O-O O-O 7. Nbd2 c5 8. cxd5 exd5 9. dxc5 Bxc5 10. Nb3 Bb6 11. Nbd4 Nc6 12. b3 Re8 13. Bb2 Bg4 14. Nxc6 bxc6 15. Rc1 Rc8 16. e3 Qd6 17. Qd3 Ne4 18. Nd4 Bd7 19. Rfd1 h5 20. Bf3 h4 21. Nc2 Qg6 22. Bg2 hxg3 23. hxg3 Qh5 24. Nd4 Ng5 25. Qf1 Bh3 26. Qe2 Bg4 27. Qf1 Bxd1 28. Rxd1 Bxd4 29. Rxd4 Nf3+ 30. Bxf3 Qxf3 31. Rf4 Qh5 32. Rh4 Qg6 33. Qh3 f6 34. Rh8+ Kf7 35. Qd7+ Re7 36. Qxc8 Qb1+ 37. Kg2 Qxb2 38. Qf8+ Ke6 39. Qg8+ Kd6 40. Qb8+ Ke6 41. Qc8+ Kf7 42. Qg8+ Kg6 43. Rh4 Kf5 44. Rf4+ Kg5 45. Qh7 Qe5 46. Qh4+ Kg6 47. Rg4+ Kf7 48. Qh7 Qe6 49. Qxg7+ Ke8 50. Qg8+ Kd7 51. Qxe6+ Kxe6 52. Rg8 c5 53. Rc8 Kd6 54. Kf3 Rb7 55. Rd8+ Ke5 56. Ke2 c4 57. f4+ Ke6 58. bxc4 dxc4 59. Rd2 Rb4 60. Rc2 Ra4 61. Kf3 f5 62. g4 fxg4+ 63. Kxg4 Kd5 64. Kf3 Ra3 65. Rd2+ Kc5 66. f5 c3 67. Rd8 Kb4 68. Rc8 Rxa2 69. e4 Ra1 70. e5 Rf1+ 71. Ke4 a5 72. e6 a4 73. Kd3 Rd1+ 74. Ke2 Rd2+ 75. Ke3 Rd5 76. Ke4 Rd1 77. f6 Re1+ 78. Kd5 a3 79. Rb8+ Ka4 80. Kc4 c2 81. Ra8# 1-0


[Site "https://www.chess.com"]

[Event "Titled Tuesday Blitz July 11 Early 2023"]
[White "Mogirzan, Matei-Valeriu"]
[Black "Szczurek, Krzysztof"]
[WhiteFideId "1257455"]
[BlackFideId "1185489"]
[WhiteElo "2595"]
[BlackElo "2482"]
[Result "1-0"]
[Round "5"]
[TimeControl "180+2"]
[Date "2023.07.11"]
[WhiteClock "0:00:22"]
[BlackClock "0:00:00"]
[Board "87"]

1. e4 c5 2. Nf3 d6 3. d4 cxd4 4. Nxd4 Nf6 5. Nc3 a6 6. Bc4 e6 7. Bb3 Be7 8. g4 h6 9. Be3 Nc6 10. f3 Ne5 11. Qe2 b5 12. h4 Bd7 13. O-O-O b4 14. Nb1 a5 15. g5 Ng8 16. f4 Nc6 17. g6 Nxd4 18. Bxd4 f6 19. f5 a4 20. Bc4 e5 21. Be3 Rc8 22. b3 Qa5 23. Rd5 Qa8 24. Rhd1 Kf8 25. Qd3 Qb8 26. Bb5 axb3 27. Qxb3 1-0


[Site "https://www.chess.com"]

[Event "Titled Tuesday Blitz July 11 Early 2023"]
[White "Jovic, Stanoje"]
[Black "Krallis, Christos"]
[WhiteFideId "905020"]
[BlackFideId "4298896"]
[WhiteElo "2479"]
[BlackElo "2586"]
[Result "1-0"]
[Round "5"]
[TimeControl "180+2"]
[Date "2023.07.11"]
[WhiteClock "0:00:59"]
[BlackClock "0:00:00"]
[Board "88"]

1. c4 c5 2. g3 Nc6 3. Bg2 g6 4. Nc3 Bg7 5. Nf3 e5 6. O-O Nge7 7. Ne1 O-O 8. Nc2 d6 9. Ne3 Be6 10. Ned5 Qd7 11. Qa4 Rfb8 12. d3 Nc8 13. Bg5 a6 14. a3 b5 15. Qd1 b4 16. Ne4 Bxd5 17. cxd5 N6e7 18. Bxe7 Nxe7 19. Nd2 Nc8 20. axb4 Rxb4 21. Nc4 Qc7 22. Ra4 Rxa4 23. Qxa4 Nb6 24. Qc6 Qxc6 25. dxc6 Nxc4 26. dxc4 Ra7 27. Bh3 Bf6 28. Rd1 Be7 29. Bc8 Rc7 30. Bb7 Bf8 31. Ra1 Kg7 32. Rxa6 Kf6 33. e4 Ke7 34. Ra8 Bh6 35. Rh8 Bg7 36. Rxh7 Kf8 37. g4 Bf6 38. Rh3 Bg5 39. Ra3 Ke7 40. Kg2 Bc1 41. Ra2 Bd2 42. b3 Bb4 43. h4 Bc3 44. Ra8 Bb4 45. h5 gxh5 46. gxh5 Kf6 47. Rd8 Ke7 48. h6 1-0


[Site "https://www.chess.com"]

[Event "Titled Tuesday Blitz July 11 Early 2023"]
[White "Fernandez Lopez, Ruben"]
[Black "Zavgorodniy, Sergiy"]
[WhiteFideId "24518298"]
[BlackFideId "14110148"]
[WhiteElo "2476"]
[BlackElo "2585"]
[Result "0-1"]
[Round "5"]
[TimeControl "180+2"]
[Date "2023.07.11"]
[WhiteClock "0:01:15"]
[BlackClock "0:00:26"]
[Board "89"]

1. b3 Nf6 2. Bb2 d6 3. e3 e5 4. d4 e4 5. c4 c6 6. Nc3 d5 7. Rc1 a6 8. Nge2 Bd6 9. Nf4 Bxf4 10. exf4 O-O 11. Be2 Re8 12. O-O Be6 13. cxd5 cxd5 14. Qd2 Nc6 15. Nd1 h5 16. Ne3 g6 17. Rc2 Kg7 18. Qd1 Qd6 19. Bc1 Rac8 20. Bd2 Nxd4 21. Rxc8 Rxc8 22. Re1 Nxe2+ 23. Rxe2 d4 24. Nf1 Bg4 25. h3 Bxe2 26. Qxe2 Qd5 27. Ng3 Rc2 28. f5 e3 29. fxe3 Ne4 30. Nxe4 Qxe4 31. f6+ Kh7 32. Kf2 dxe3+ 33. Qxe3 Qxe3+ 34. Kxe3 Rxa2 35. g4 Rb2 36. Bc3 Rxb3 37. Kd3 hxg4 38. hxg4 g5 39. Kc2 Rxc3+ 40. Kxc3 Kg6 0-1


[Site "https://www.chess.com"]